 Dungeon Crawl Stone Soup version 0.31.0-9-g3a7656b989 (webtiles) character file.

Game seed: 6679189467329732747

9431 jagang the Carver (level 11, -6/133 HPs)
             Began as a Human Monk on Jan 24, 2024.
             Was an Elder of the Shining One.
             Mangled by a manticore (9 damage)
             ... on level 9 of the Dungeon.
             The game lasted 00:28:43 (8701 turns).

jagang the Carver (Human Monk)                      Turns: 8701, Time: 00:28:43

Health: -6/133     AC: 25    Str: 17    XL:     11   Next: 46%
Magic:  14/14      EV:  2    Int: 12    God:    the Shining One [****..]
Gold:   814        SH:  6    Dex: 19    Spells: 10/10 levels left

rFire   . . .        T - +3 long sword
rCold   . . .        K - +0 buckler
rNeg    + + .        C - melded +6 chain mail {ponderous}
rPois   +            n - melded +0 helmet
rElec   .            u - melded +0 cloak
rCorr   .            (gloves currently unavailable)
SInv    .            h - melded +0 pair of boots
Will    +....        (no amulet)
Stlth   +            d - ring of willpower
HPRegen 0.42/turn    O - +6 ring of strength
MPRegen 0.14/turn

%: no passive effects
@: tree-form, glowing
A: stationary, stasis, torment immunity, boosted hp, explore regen
a: Renounce Religion, Divine Shield, Cleansing Flame


You were on level 9 of the Dungeon.
You worshipped the Shining One.
The Shining One was greatly pleased with you.
You were a tree.
You visited 2 branches of the dungeon, and saw 13 of its levels.
You also visited: Sewer.

You collected 814 gold pieces.

Inventory:

Hand Weapons
 A - the +9 dagger of Sann {freeze, rCorr Int-2 Stlth+}
   (You found it on level 4 of the Dungeon)

   Int-2:     It affects your intelligence (-2).
   rCorr:     It protects you from acid and corrosion.
   Stlth+:    It makes you more stealthy.
 M - a +2 falchion of electrocution
 T - a +3 long sword (weapon)
Missiles
 r - 28 poisoned darts (quivered)
 D - 2 throwing nets
Armour
 h - a +0 pair of boots (melded)
 n - a +0 helmet (melded)
 u - a +0 cloak (melded)
 z - a +2 scale mail of fire resistance
 C - a +6 chain mail of ponderousness (melded)
 K - a +0 buckler (worn)
Jewellery
 d - a ring of willpower (left branch)
 j - a ring of protection from fire
 p - a ring of flight
 O - a +6 ring of strength (right branch)
 S - a +6 ring of intelligence
 U - a +6 ring of intelligence
Wands
 B - a wand of roots (8)
 G - a wand of polymorph (3)
 N - a wand of flame (30)
 P - a wand of acid (9)
 Q - a wand of mindburst (10)
Scrolls
 a - a scroll of enchant weapon
 f - a scroll of amnesia
 g - 2 scrolls of enchant armour
 l - 2 scrolls of poison {unknown}
 m - 4 scrolls of teleportation
 o - a scroll of fear {unknown}
 q - a scroll of revelation {unknown}
 v - 3 scrolls of immolation {unknown}
 x - 2 scrolls of noise {unknown}
 y - a scroll of blinking {unknown}
 E - a scroll of acquirement {unknown}
 H - a scroll of silence {unknown}
 J - a scroll of vulnerability {unknown}
 R - a scroll of fog {unknown}
Potions
 b - 2 potions of brilliance {unknown}
 c - a potion of ambrosia
 e - a potion of attraction {unknown}
 i - 2 potions of magic {unknown}
 k - a potion of resistance {unknown}
 s - 2 potions of lignification
 t - 3 potions of heal wounds {unknown}
 w - 2 potions of mutation {unknown}
 F - 6 potions of curing {unknown}
 I - a potion of might {unknown}
 L - 3 potions of berserk rage {unknown}


   Skills:
 * Level 9.5 Fighting
 * Level 9.6 Long Blades
 - Level 4.3 Throwing
 * Level 9.0 Armour
 - Level 4.1 Dodging
 + Level 4.6 Shields
 + Level 4.5 Invocations


You had 10 spell levels left.
You didn't know any spells.
Your spell library contained the following spells:

 Spells                   Type           Power      Damage    Failure   Level
 Call Imp                 Summ           0%         N/A       54%         2
 Static Discharge         Conj/Air       0%         3-3/arc   54%         2
 Sublimation of Blood     Necr           0%         N/A       54%         2
 Airstrike                Air            0%         2d(0-16)  99%         4
 Summon Lightning Spire   Summ/Air       0%         N/A       99%         4
 Summon Hydra             Summ           0%         N/A       100%        7


Dungeon Overview and Level Annotations

Branches:
Dungeon (12/15)            Temple (1/1) D:5            Lair (0/5) D:9
  Sewer (visited)
    Orc: D:9-12

Altars:
Ashenzari
Cheibriados
Dithmenos
Elyvilon
Fedhas
Gozag
Hepliaklqana
Kikubaaqudgha
Makhleb
Nemelex Xobeh
Okawaru
Qazlal
Sif Muna
Trog
Uskayaw
Vehumet
Wu Jian
Xom
Yredelemnul
Zin
The Shining One

Shops:
D:8 [   D:12 [


Innate Abilities, Weirdness & Mutations

You are a tree.
Your roots penetrate the ground, keeping you stationary.
You cannot be teleported.
You are immune to unholy pain and torment.
Your maximum health is greatly increased.
Your equipment is partially melded.
You regain HP and MP as you explore.


Message History

That put a bit of spring back into your step.
Your roots penetrate the ground.
You feel sick.
The manticore bites you but does no damage.
The manticore claws you but does no damage. x2
The manticore bites you but does no damage.
The manticore claws you but does no damage.
You block the manticore's attack.
You slash the manticore!
The manticore is moderately wounded.
You feel sick.
The manticore bites you but does no damage.
The manticore claws you but does no damage.
The manticore claws you!
* * * LOW HITPOINT WARNING * * *
The manticore barely misses you. The manticore claws you.
* * * LOW HITPOINT WARNING * * *
The manticore claws you but does no damage.
You slash the manticore!
The manticore is heavily wounded.
You feel sick.
The manticore bites you but does no damage.
The manticore claws you!
* * * LOW HITPOINT WARNING * * *
You block the manticore's attack. x2
The manticore claws you but does no damage.
The manticore barely misses you.
You hit the manticore.
The manticore is heavily wounded.
You feel sick. The manticore barely misses you. The manticore claws you!
* * * LOW HITPOINT WARNING * * *
The manticore claws you but does no damage.
The manticore bites you!
* * * LOW HITPOINT WARNING * * *
The manticore claws you but does no damage. x2
You slash the manticore!
The manticore is almost dead.
You feel sick.
You are no longer poisoned.
The manticore bites you!
You die...

####.............
..##.............
#.##.............
#.####'######'###
#####.#..............
##.....#..####...###..
#......'..# #...# #.. ###
##......#..# #...# #.. #.#
#....H♣.#..# #...# #.. ###.#
###..H..#..# #...# #.. #...#
#.....#..# #...# #.. #...##
#......#..# #...# #.. #....#
#......#..####...###.. #....#
##########.............. #....#
#..############'########
#....###..##....##.............
#.........##....##.............


You could see 2 manticores.

Vanquished Creatures
  3 two-headed ogres
  Pikel (D:6)
  A cyclops (D:11)
  A gargoyle (D:10)
  A komodo dragon (D:9)
  2 trolls
  A hornet (D:9)
  Prince Ribbit (D:6)
  Grinder (D:4)
  Sigmund (D:6)
  A shadow (D:9)
  2 ynoxinuls
  A wyvern (D:9)
  A yak (D:5)
  A steam dragon (D:9)
  Menkaure (D:4)
  A water moccasin (D:5)
  4 orc warriors
  2 sky beasts
  A black bear (D:7)
  7 centaurs
  3 ogres
  3 lemures (D:6)
  A phantom (D:5)
  Blork the orc (D:5)
  5 bullfrogs
  A gnoll sergeant (D:8)
  3 scorpions
  A necrophage (D:6)
  5 wights
  3 howler monkeys (D:5)
  An electric eel (D:6)
  4 hounds
  9 orc priests
  Crazy Yiuf (D:2)
  2 gnoll boudas (D:5)
  A sleepcap (D:8)
  Ijyb (D:4)
  9 orc wizards
  A hell rat (Sewer)
  A hound skeleton (D:6)
  33 gnolls
  5 river rats (Sewer)
  5 adders
  3 shadow imps
  4 white imps
  7 ufetubi
  3 dart slugs
  3 ribbon worms (D:2)
  50 orcs
  9 bats
  6 endoplasms (D:1)
  4 giant cockroaches
  5 goblins
  5 hobgoblins
  14 jackals
  7 kobolds
  A quokka (D:3)
  9 ball pythons
  4 frilled lizards
  10 rats
278 creatures vanquished.

Notes
Turn   | Place    | Note
-------+----------+-------------------------------------------
     0 | D:1      | jagang the Human Monk began the quest for the Orb.
     0 | D:1      | Reached XP level 1. HP: 18/18 MP: 1/1
   142 | D:1      | Reached XP level 2. HP: 20/24 MP: 2/2
   405 | D:1      | Reached skill level 1 in Armour
   587 | D:2      | Reached XP level 3. HP: 11/29 MP: 3/3
   872 | D:2      | Identified the +0 mace "Negiquk" {flame, rF- rC+++ MP+9
                  | Int-5}
  1030 | D:2      | Reached XP level 4. HP: 27/37 MP: 4/4
  1203 | D:2      | Identified the +1 leather armour "Nulioz" {Will+}
  1260 | D:2      | Found a runed translucent door.
  1261 | D:2      | Noticed Crazy Yiuf
  1276 | D:2      | Killed Crazy Yiuf
  1277 | D:2      | Reached XP level 5. HP: 9/42 MP: 5/5
  1438 | D:2      | Found a shimmering blue altar of Sif Muna.
  2212 | D:4      | Found a shimmering blue altar of Sif Muna.
  2279 | D:4      | Identified the +9 dagger of Sann {freeze, rCorr Int-2
                  | Stlth+}
  2322 | D:4      | Noticed Ijyb
  2339 | D:4      | Killed Ijyb
  2340 | D:4      | Reached XP level 6. HP: 18/48 MP: 6/6
  2489 | D:4      | Noticed Menkaure
  2539 | D:3      | Reached skill level 1 in Throwing
  2711 | D:4      | Killed Menkaure
  2712 | D:4      | Reached XP level 7. HP: 50/55 MP: 7/7
  2946 | D:4      | Noticed Grinder
  2957 | D:4      | Killed Grinder
  2958 | D:4      | Reached skill level 5 in Long Blades
  3289 | D:5      | Entered Level 5 of the Dungeon
  3329 | D:5      | Found a staircase to the Ecumenical Temple.
  3340 | D:5      | Reached skill level 5 in Fighting
  3356 | Temple   | Entered the Ecumenical Temple
  3431 | Temple   | Became a worshipper of the Shining One
  3431 | Temple   | Reached * piety under the Shining One
  3431 | Temple   | Reached ** piety under the Shining One
  3568 | D:5      | Noticed Blork the orc
  3581 | D:5      | Killed Blork the orc
  3582 | D:5      | Reached XP level 8. HP: 36/63 MP: 8/8
  3682 | D:5      | Found a glowing drain.
  3727 | D:5      | Reached skill level 5 in Armour
  3736 | Sewer    | Entered a sewer
  4258 | D:5      | Reached XP level 9. HP: 70/71 MP: 9/9
  4467 | D:5      | Reached skill level 1 in Shields
  4875 | D:6      | Noticed Sigmund
  4875 | D:6      | Reached *** piety under the Shining One
  4883 | D:6      | Killed Sigmund
  4926 | D:6      | Noticed Pikel
  4976 | D:6      | Killed Pikel
  4977 | D:6      | Reached skill level 1 in Invocations
  5316 | D:6      | Noticed Prince Ribbit
  5331 | D:6      | Killed Prince Ribbit
  5332 | D:6      | Reached XP level 10. HP: 63/80 MP: 11/11
  5716 | D:6      | Found a burning altar of Makhleb.
  5765 | D:7      | Noticed a two-headed ogre
  5789 | D:7      | Killed a two-headed ogre
  6778 | D:8      | Reached **** piety under the Shining One
  6809 | D:8      | Found Saygaog's Antique Armour Shoppe.
  6951 | D:8      | Found a broken altar of Ashenzari.
  7558 | D:9      | Noticed a two-headed ogre
  7568 | D:9      | Killed a two-headed ogre
  7611 | D:9      | Reached XP level 11. HP: 67/87 MP: 13/13
  7658 | D:9      | Found a flagged portal.
  7701 | D:9      | Found a staircase to the Lair.
  7732 | D:9      | You fall into a shaft and drop 3 floors!
  7736 | D:12     | Found Piamm's Antique Armour Shoppe.
  7781 | D:12     | Noticed a two-headed ogre
  7794 | D:12     | Killed a two-headed ogre
  7961 | D:11     | Noticed a cyclops
  8055 | D:11     | Killed a cyclops
  8082 | D:10     | Entered Level 10 of the Dungeon
  8246 | D:10     | Found a sparkling altar of Nemelex Xobeh.
  8247 | D:10     | Found an opulent altar of Gozag.
  8689 | D:9      | Noticed a manticore
  8693 | D:9      | Noticed a manticore
  8700 | D:9      | HP: 4/133 [manticore (15)]
  8701 | D:9      | Mangled by a manticore

Illustrated notes

Levels and vault maps discovered:
D:1:      ebering_trefoil_twist, layout_basic
D:2:      layout_loops_cross, basic_altar, minmay_indecisive_spiral,
          uniq_crazy_yiuf_cottage
D:3:      layout_basic, dk_noncrumbling_2
D:4:      layout_loops_cross, hellmonk_sif_muna_bookshelves, skrybe_limestone_x,
          minmay_misc_feat_diagonals, wad_floor_pattern_untrapped,
          grunt_ministairs_3, sigmund_army, uniq_ijyb, uniq_grinder,
          uniq_menkaure
D:5:      lemuel_castle_with_subvaults [lemuel_castle_interior_original],
          layout_rooms, minmay_temple_entry_poolview, portal_sewer_entry_a,
          uniq_blork_the_orc
D:6:      layout_basic, makhleb_blood_cavern_becter, kennysheep_minor_cross,
          uniq_prince_ribbit1, uniq_sigmund, uniq_pikel
D:7:      layout_cave_pools
D:8:      layout_cave_pods, nicolae_ashenzari_skybound, serial_column_ruins,
          column_ruins_circle_medium, column_ruins_grid_1,
          column_ruins_open_large, column_ruins_corridor_T,
          column_ruins_open_small, column_ruins_open_tiny, serial_shops,
          nicolae_shop_tiny_statue_garden, serial_bayou_pond_c,
          nzn_life_drinkers
D:9:      minmay_chopped_fan, layout_stronghold, david_lair_shrubbed,
          serial_shops, nicolae_shop_getting_attention, enter_bailey_3
D:10:     minmay_the_grid_triangle_9x9_rhombus_thin
          [minmay_the_grid_triangle_9x9_tough_junction,
          minmay_the_grid_triangle_9x9_prize_center,
          minmay_the_grid_triangle_9x9_zippers_vertical,
          minmay_the_grid_triangle_9x9_sparse_checkered], layout_layer_cave,
          grunt_temple_overflow_opulence, nicolae_ru_great_annihilating_truth,
          nicolae_fort_ynox, uniq_fannar
D:11:     layout_loops_ring, uniq_maurice
D:12:     layout_stronghold, erik_orc_1, serial_shops,
          nicolae_shop_just_a_little_nook, centaur_isle
Temple:   nicolae_temple_elliptical

Skill      XL: |  1  2  3  4  5  6  7  8  9 10 11 |
---------------+----------------------------------+-----
Armour         | 1 2 3 4 5 7 8 9 |  9.0
Long Blades    | 4 5 6 7 8 9 |  9.6
Fighting       | 4 5 6 7 8 9 |  9.5
Throwing       | 1 2 3 4 |  4.3
Dodging        | 4 |  4.1
Shields        | 2 4 |  4.6
Invocations    | 2 3 4 |  4.5

Action                     |  1- 3 |  4- 6 |  7- 9 | 10-12 || total
---------------------------+-------+-------+-------+-------++-------
  Melee: Short sword       |   119 |    92 |       |       ||   211
         Falchion          |     7 |       |     4 |       ||    11
         Dagger            |       |    30 |   407 |   133 ||   570
         Punch             |       |       |     2 |       ||     2
         Long sword        |       |       |       |   183 ||   183
  Throw: Dart              |       |       |       |    20 ||    20
 Invoke: Cleansing Flame   |       |       |     1 |     1 ||     2
  Evoke: Wand              |       |       |       |     4 ||     4
    Use: Scroll            |       |       |       |     5 ||     5
         Potion            |       |       |       |     1 ||     1
 Armour: Robe              |     5 |       |       |       ||     5
         Chain mail        |    38 |    48 |   330 |   355 ||   771
         Leather armour    |     7 |       |       |       ||     7
         Scale mail        |       |    20 |       |       ||    20
         Skin              |       |       |       |    19 ||    19
  Dodge: Dodged            |    44 |    26 |   137 |   173 ||   380
  Block: Buckler           |       |       |    47 |   120 ||   167
